[Event "39th Olympiad Khanty-Mansiysk 2010"]
[Site "Khanty-Mansiysk/Russia"]
[Date "2010.09.22"]
[Round "1"]
[White "Mikheev, Stanislav"]
[Black "Sveshnikov, Vladimir"]
[Result "1/2-1/2"]
[WhiteElo "2337"]
[BlackElo "2374"]
[PlyCount "125"]
[EventDate "2010.??.??"]
[WhiteTeam "IPC"]
[BlackTeam "Latvia"]
[BlackTeamCountry "LAT"]
[TimeControl "40/5400+30:1800+30"]

1. d4 d5 2. c4 e6 3. Nf3 Nf6 4. g3 dxc4 5. Bg2 c5 6. O-O Nc6 7. Qa4 Bd7 8. dxc5
Bxc5 9. Qxc4 Qb6 10. Nc3 Qb4 11. Qxb4 Bxb4 12. Nb5 O-O 13. Rd1 Na5 14. Nbd4
Rfd8 15. Bd2 Bxd2 16. Rxd2 Nc4 17. Rc2 Rac8 18. b3 Nd6 19. Rac1 Rxc2 20. Rxc2
Rc8 21. Rxc8+ Bxc8 22. Ne5 Kf8 23. e3 Ke7 24. Nd3 Nfe4 25. Ne2 Bd7 26. f3 Nd2
27. Kf2 Bb5 28. Ndc1 Nb1 29. e4 e5 30. Ke3 f5 31. exf5 Nxf5+ 32. Kf2 Nd6 33. f4
exf4 34. Nxf4 Nc3 35. Ke3 g5 36. Nh3 h6 37. Kd4 Ne2+ 38. Nxe2 Bxe2 39. Ke5 Nf7+
40. Kd5 Bb5 41. Kd4 b6 42. Nf2 Nd6 43. Ng4 h5 44. Ne3 Be2 45. Ke5 Nf7+ 46. Kd5
Bb5 47. Nf5+ Kd7 48. Nd4 Ba6 49. Nf3 Bb7+ 50. Kd4 Ke7 51. a4 Nd8 52. Ne1 Ne6+
53. Ke5 Bxg2 54. Nxg2 Nc5 55. Kf5 Nxb3 56. Kxg5 Nc5 57. Kxh5 Nxa4 58. Kg6 b5
59. Kf5 b4 60. Ke4 Nb2 61. Kd4 a5 62. Ne3 Ke6 63. Ke4 1/2-1/2

[Event "39th Olympiad Khanty-Mansiysk 2010"]
[Site "Khanty-Mansiysk/Russia"]
[Date "2010.09.22"]
[Round "1"]
[White "Zimina, Olga"]
[Black "Chumpitaz, Ann"]
[Result "1-0"]
[WhiteElo "2334"]
[BlackElo "2150"]
[PlyCount "61"]
[EventDate "2010.??.??"]
[WhiteTeam "Italy"]
[BlackTeam "Peru"]
[WhiteTeamCountry "ITA"]
[BlackTeamCountry "PER"]
[TimeControl "40/5400+30:1800+30"]

1. e4 e6 2. d4 d5 3. Nd2 Be7 4. Bd3 Nf6 5. e5 Nfd7 6. Ne2 c5 7. c3 Nc6 8. O-O
g5 9. f4 cxd4 10. cxd4 Qb6 11. Nb3 gxf4 12. Kh1 Nf8 13. Bd2 Bd7 14. Rc1 Ng6 15.
Nxf4 a5 16. Nh5 a4 17. Ng7+ Kd8 18. Nc5 Ncxe5 19. Nxd7 Nxd7 20. Rxf7 Rf8 21.
Qf3 Rc8 22. Re1 Rc6 23. Rxf8+ Bxf8 24. Qf7 Bxg7 25. Qxg7 Qxb2 26. Bg5+ Kc7 27.
Rb1 Qf2 28. Rf1 Qxa2 29. Qxh7 e5 30. Bxg6 Qe2 31. Bd3 1-0

[Event "39th Olympiad Khanty-Mansiysk 2010"]
[Site "Khanty-Mansiysk/Russia"]
[Date "2010.09.22"]
[Round "1"]
[White "Shukuraliev, Algis"]
[Black "Izijk, Jimmy"]
[Result "1-0"]
[WhiteElo "2332"]
[BlackElo "2062"]
[PlyCount "77"]
[EventDate "2010.??.??"]
[WhiteTeam "Kyrgyzstan"]
[BlackTeam "Netherlands Antilles"]
[WhiteTeamCountry "KGZ"]
[BlackTeamCountry "AHO"]
[TimeControl "40/5400+30:1800+30"]

1. e4 c5 2. Nf3 Nc6 3. d4 cxd4 4. Nxd4 Nf6 5. Nc3 d6 6. Be2 a6 7. O-O e6 8. Be3
Be7 9. f4 Qc7 10. Bf3 Bd7 11. Qe1 Nxd4 12. Bxd4 Bc6 13. Kh1 b5 14. a3 Rc8 15.
Qf2 O-O 16. Rae1 Qb7 17. Qg3 b4 18. axb4 Qxb4 19. Ne2 Qb7 20. Nc1 Qb4 21. Bc3
Qa4 22. Nb3 Ba8 23. Ra1 Qc4 24. Rfe1 Rcd8 25. Nd2 Qc8 26. Be2 Bb7 27. Bd3 Nh5
28. Qg4 Nf6 29. Qh3 g6 30. Nf3 h5 31. Qg3 Kh7 32. f5 e5 33. Rf1 Ng4 34. Rae1
Qc5 35. Bd2 Rg8 36. h3 Nh6 37. Ng5+ Kg7 38. Ne6+ fxe6 39. Qxg6+ 1-0

[Event "39th Olympiad Khanty-Mansiysk 2010"]
[Site "Khanty-Mansiysk/Russia"]
[Date "2010.09.22"]
[Round "1"]
[White "Mohota, Nisha"]
[Black "Medina, Warda Aulia"]
[Result "1/2-1/2"]
[WhiteElo "2332"]
[BlackElo "2011"]
[PlyCount "89"]
[EventDate "2010.??.??"]
[WhiteTeam "India"]
[BlackTeam "Indonesia"]
[WhiteTeamCountry "IND"]
[BlackTeamCountry "INA"]
[TimeControl "40/5400+30:1800+30"]

1. d4 Nf6 2. c4 e6 3. Nc3 Bb4 4. g3 c5 5. Nf3 cxd4 6. Nxd4 O-O 7. Bg2 d5 8.
cxd5 Nxd5 9. Qb3 Qa5 10. Bd2 Nc6 11. Nxc6 bxc6 12. O-O Bxc3 13. bxc3 Ba6 14.
Rfd1 Qc5 15. e4 Bc4 16. Qa4 Nb6 17. Qb4 Qh5 18. Bf4 Be2 19. Re1 c5 20. Qa5 Rfc8
21. h3 Bd3 22. Rad1 Bc2 23. Rc1 Bd3 24. Red1 Be2 25. g4 Qg6 26. Rd2 e5 27. Rxe2
Qc6 28. c4 exf4 29. Qc3 Rab8 30. e5 Qe6 31. Be4 g6 32. Qf3 Rd8 33. Qxf4 Rd4 34.
Qf6 Nxc4 35. Bg2 Rb6 36. Qxe6 Rxe6 37. Rec2 Nxe5 38. Rxc5 Nd3 39. Rc8+ Kg7 40.
Rd1 Re1+ 41. Rxe1 Nxe1 42. Ba8 a5 43. Rc1 Nd3 44. Rd1 Kf6 45. Ra1 1/2-1/2

[Event "39th Olympiad Khanty-Mansiysk 2010"]
[Site "Khanty-Mansiysk/Russia"]
[Date "2010.09.22"]
[Round "1"]
[White "Erdene, Ganzorig"]
[Black "Onischuk, Alexander"]
[Result "0-1"]
[WhiteElo "2330"]
[BlackElo "2688"]
[PlyCount "168"]
[EventDate "2010.??.??"]
[WhiteTeam "Mongolia"]
[BlackTeam "United States"]
[WhiteTeamCountry "MGL"]
[BlackTeamCountry "USA"]
[TimeControl "40/5400+30:1800+30"]

1. d4 Nf6 2. Nf3 e6 3. c4 b6 4. g3 Ba6 5. Qc2 Bb4+ 6. Bd2 Be7 7. Bg2 d5 8. Ne5
O-O 9. O-O c6 10. cxd5 cxd5 11. Nc3 Nfd7 12. Nxd7 Qxd7 13. Rfc1 Nc6 14. Qa4 Bb7
15. e3 Rfc8 16. Ne2 Rc7 17. Nf4 Rac8 18. a3 Bd6 19. Nd3 Qd8 20. b4 a5 21. Qb3
axb4 22. axb4 Ne7 23. Rxc7 Qxc7 24. Rc1 Qb8 25. Rxc8+ Bxc8 26. Bf1 Bd7 27. b5
f6 28. Bb4 Kf7 29. Nb2 Nc8 30. Bd3 Qc7 31. Bd2 g6 32. Na4 Be7 33. Nc3 Nd6 34.
e4 dxe4 35. Nxe4 Qa7 36. Nxd6+ Bxd6 37. Qc4 Ke7 38. Be3 Qa1+ 39. Kg2 Qa8+ 40.
Kg1 Qf3 41. Be2 Qb7 42. Bd3 Be8 43. Bf1 h5 44. Qa4 h4 45. Qa6 Qc7 46. d5 hxg3
47. hxg3 Bc5 48. Bxc5+ Qxc5 49. Qb7+ Bd7 50. dxe6 Kxe6 51. Qe4+ Kf7 52. Bc4+
Kf8 53. Qa8+ Be8 54. Bd3 f5 55. Qd8 Kf7 56. Qh4 Kg7 57. Qg5 Bf7 58. Qf4 Be6 59.
Bf1 Bd7 60. Qg5 Be6 61. Qf4 Bf7 62. Qg5 Qd4 63. Qe7 Kg8 64. Qg5 Kf8 65. Qc1 Ke7
66. Qc7+ Kf6 67. Qc8 Kg7 68. Qc7 g5 69. Qe7 Kg6 70. Qc7 f4 71. gxf4 gxf4 72.
Qc6+ Kg5 73. Bg2 Bc4 74. Bf3 Qd3 75. Qxb6 Qxf3 76. Qd8+ Kg6 77. Qd6+ Kf5 78.
Qf8+ Ke5 79. Qg7+ Kd6 80. b6 Bd5 81. Qc7+ Ke6 82. Qc8+ Ke5 83. Qc7+ Kd4 84.
Qg7+ Kd3 0-1

[Event "39th Olympiad Khanty-Mansiysk 2010"]
[Site "Khanty-Mansiysk/Russia"]
[Date "2010.09.22"]
[Round "1"]
[White "Kochetkova, Julia"]
[Black "Dekic, Biljana N"]
[Result "1-0"]
[WhiteElo "2327"]
[BlackElo "2104"]
[PlyCount "69"]
[EventDate "2010.??.??"]
[WhiteTeam "Slovakia"]
[BlackTeam "Australia"]
[WhiteTeamCountry "SVK"]
[BlackTeamCountry "AUS"]
[TimeControl "40/5400+30:1800+30"]

1. e4 c5 2. Nf3 d6 3. d4 cxd4 4. Nxd4 Nf6 5. Nc3 a6 6. g3 g6 7. Bg2 Bg7 8. O-O
O-O 9. h3 Qc7 10. Nde2 Nbd7 11. Kh1 Rb8 12. a4 b6 13. Nd5 Nxd5 14. exd5 Bb7 15.
c3 Nf6 16. Be3 Rfc8 17. Qd2 Qd8 18. Kh2 h6 19. Bd4 Kh7 20. Rfe1 Ba8 21. Nf4 Bf8
22. Qd3 Bb7 23. Re2 a5 24. Rae1 Ra8 25. b3 Ba6 26. c4 Nd7 27. h4 Ne5 28. Bxe5
dxe5 29. Rxe5 Kg7 30. h5 Qd6 31. hxg6 Rd8 32. gxf7 Bc8 33. Ne6+ Bxe6 34. Rxe6
Qc5 35. Qg6+ 1-0

[Event "39th Olympiad Khanty-Mansiysk 2010"]
[Site "Khanty-Mansiysk/Russia"]
[Date "2010.09.22"]
[Round "1"]
[White "Gemy, Jose Daniel"]
[Black "Arauz, Samuel"]
[Result "1/2-1/2"]
[WhiteElo "2325"]
[BlackElo "2146"]
[PlyCount "153"]
[EventDate "2010.??.??"]
[WhiteTeam "Bolivia"]
[BlackTeam "TPE"]
[WhiteTeamCountry "BOL"]
[TimeControl "40/5400+30:1800+30"]

1. Nf3 c5 2. c4 Nf6 3. Nc3 d5 4. cxd5 Nxd5 5. e4 Nb6 6. d4 cxd4 7. Nxd4 e5 8.
Bb5+ Bd7 9. Nf5 Nc6 10. Nd6+ Bxd6 11. Qxd6 Qe7 12. Qxe7+ Nxe7 13. Be3 Bc6 14.
Bc5 Rd8 15. Ke2 f6 16. a4 Nec8 17. a5 Nd7 18. Bxc6 bxc6 19. Ba3 Nb8 20. Rhd1
Kf7 21. Rac1 g6 22. Na4 f5 23. f3 Kf6 24. Nc5 Nd6 25. Nd7+ Rxd7 26. Rxd6+ Rxd6
27. Bxd6 Ke6 28. Bxb8 Rxb8 29. Rxc6+ Kd7 30. Ra6 Rxb2+ 31. Kf1 Rb7 32. exf5
gxf5 33. g3 Ke7 34. Kg2 Kf7 35. Rh6 Kf8 36. Kh3 Re7 37. Rf6+ Rf7 38. Rc6 Re7
39. Kh4 Kg7 40. Kg5 e4 41. f4 e3 42. Rc1 Rf7 43. Re1 h6+ 44. Kh4 Re7 45. Kh3
Re4 46. Kg2 Ra4 47. Rxe3 Rxa5 48. Re2 Ra6 49. Kh3 Kg6 50. Kh4 Rc6 51. Re7 Ra6
52. h3 Kf6 53. Rb7 Kg6 54. Rc7 Ra3 55. g4 Ra6 56. Rd7 Rf6 57. Rxa7 fxg4 58.
Kxg4 h5+ 59. Kg3 Rb6 60. Ra3 Rb5 61. Ra6+ Kf5 62. Rh6 Rb3+ 63. Kh4 Kxf4 64.
Rxh5 Ra3 65. Rb5 Rc3 66. Rb8 Kf5 67. Rg8 Kf6 68. Kg4 Rc7 69. Ra8 Rg7+ 70. Kf4
Kg6 71. h4 Rb7 72. Rg8+ Kh7 73. Rg5 Rb4+ 74. Kf5 Rxh4 75. Rg4 Rh1 76. Rg3 Rf1+
77. Ke4 1/2-1/2

[Event "39th Olympiad Khanty-Mansiysk 2010"]
[Site "Khanty-Mansiysk/Russia"]
[Date "2010.09.22"]
[Round "1"]
[White "Marrero Lopez, Yaniet"]
[Black "Nguyen, Thi Mai Hung"]
[Result "1-0"]
[WhiteElo "2324"]
[BlackElo "2258"]
[PlyCount "47"]
[EventDate "2010.??.??"]
[WhiteTeam "Cuba"]
[BlackTeam "Vietnam"]
[WhiteTeamCountry "CUB"]
[BlackTeamCountry "VIE"]
[TimeControl "40/5400+30:1800+30"]

1. e4 c5 2. Nf3 g6 3. d4 cxd4 4. Qxd4 Nf6 5. e5 Nc6 6. Qa4 Nd5 7. Qe4 Nc7 8.
Nc3 Bg7 9. Bf4 O-O 10. O-O-O Rb8 11. h4 Ne6 12. h5 a6 13. hxg6 hxg6 14. Bc4
Nxf4 15. Qxf4 b5 16. Qh4 Re8 17. Bxf7+ Kxf7 18. e6+ dxe6 19. Qf4+ Bf6 20. Rh7+
Kg8 21. Qh6 Qxd1+ 22. Nxd1 Nd8 23. Qxg6+ Kf8 24. Ng5 1-0

[Event "39th Olympiad Khanty-Mansiysk 2010"]
[Site "Khanty-Mansiysk/Russia"]
[Date "2010.09.22"]
[Round "1"]
[White "Pourkashiyan, Atousa"]
[Black "Vega Gutierrez, Sabrina"]
[Result "1/2-1/2"]
[WhiteElo "2322"]
[BlackElo "2368"]
[PlyCount "98"]
[EventDate "2010.??.??"]
[WhiteTeam "Iran"]
[BlackTeam "Espana"]
[WhiteTeamCountry "IRI"]
[BlackTeamCountry "ESP"]
[TimeControl "40/5400+30:1800+30"]

1. e4 c5 2. Nf3 e6 3. d4 cxd4 4. Nxd4 Nc6 5. Nc3 d6 6. Bc4 Nf6 7. O-O a6 8. Bb3
Be7 9. Be3 O-O 10. f4 Bd7 11. Kh1 b5 12. a3 Nxd4 13. Bxd4 Bc6 14. Qe2 a5 15.
Bxf6 Bxf6 16. e5 b4 17. axb4 axb4 18. Na2 dxe5 19. Nxb4 Qb6 20. Nxc6 Qxc6 21.
Rxa8 Rxa8 22. fxe5 Bg5 23. Bc4 g6 24. Bd3 Rb8 25. b3 Qc3 26. Qf2 Rf8 27. Qe1
Qxe1 28. Rxe1 Bd2 29. Re4 Bc3 30. g4 Rd8 31. Kg2 Rd5 32. b4 Bxe5 33. h3 Kf8 34.
Kf3 Ke7 35. b5 Bd4 36. c4 Rd7 37. Re2 Bc5 38. Be4 Ra7 39. Rb2 Ra3+ 40. Kg2 Bb6
41. c5 Bxc5 42. b6 Bd6 43. Bf3 Bb8 44. b7 f5 45. Rc2 Rb3 46. g5 Rd3 47. Rc8 Rd8
48. h4 Rd2+ 49. Kf1 Rd8 1/2-1/2

[Event "39th Olympiad Khanty-Mansiysk 2010"]
[Site "Khanty-Mansiysk/Russia"]
[Date "2010.09.22"]
[Round "1"]
[White "Vojinovic, Jovana"]
[Black "Javakhishvili, Lela"]
[Result "1/2-1/2"]
[WhiteElo "2319"]
[BlackElo "2451"]
[PlyCount "84"]
[EventDate "2010.??.??"]
[WhiteTeam "MNE"]
[BlackTeam "Georgia"]
[BlackTeamCountry "GEO"]
[TimeControl "40/5400+30:1800+30"]

1. d4 Nf6 2. Nf3 e6 3. c4 d5 4. g3 Bb4+ 5. Bd2 Bd6 6. Bg2 c6 7. Nc3 Nbd7 8. b3
O-O 9. O-O h6 10. Qc2 c5 11. cxd5 exd5 12. Nb5 Be7 13. dxc5 Nxc5 14. Be3 Nfe4
15. Rfd1 Bf5 16. Qb2 Qd7 17. a4 Rfc8 18. Bd4 Bf8 19. Rac1 a6 20. Na3 b5 21.
axb5 axb5 22. Nc2 Qb7 23. Ne3 Be6 24. Nh4 b4 25. Nhf5 f6 26. Ra1 Bf7 27. Rxa8
Rxa8 28. Nc2 Rc8 29. Nfe3 Nd7 30. Ra1 Qb5 31. Ne1 Nc3 32. Nd3 Nc5 33. Bh3 Ne6
34. Bxe6 Bxe6 35. Rc1 Qa5 36. Nd1 Ne4 37. Rxc8 Bxc8 38. Qc2 Bd7 39. f3 Nd6 40.
Bc5 Bf5 41. N1b2 Qc7 42. Qc1 Nb5 1/2-1/2

[Event "39th Olympiad Khanty-Mansiysk 2010"]
[Site "Khanty-Mansiysk/Russia"]
[Date "2010.09.22"]
[Round "1"]
[White "Muminova, Nafisa"]
[Black "Golubenko, Valentina"]
[Result "0-1"]
[WhiteElo "2319"]
[BlackElo "2278"]
[PlyCount "102"]
[EventDate "2010.??.??"]
[WhiteTeam "Uzbekistan"]
[BlackTeam "Croatia"]
[WhiteTeamCountry "UZB"]
[BlackTeamCountry "CRO"]
[TimeControl "40/5400+30:1800+30"]

1. d4 Nf6 2. c4 c5 3. d5 b5 4. cxb5 a6 5. bxa6 Bxa6 6. Nc3 d6 7. Nf3 Nbd7 8. g3
g6 9. Bg2 Bg7 10. Rb1 Nb6 11. b3 Bc8 12. Nh4 Ng4 13. Qc2 O-O 14. O-O Bd7 15. h3
Nh6 16. Rd1 Qc8 17. Kh2 c4 18. Bb2 cxb3 19. axb3 Qc5 20. Qd2 f5 21. e3 g5 22.
Nf3 g4 23. Ne1 gxh3 24. Bxh3 Ng4+ 25. Bxg4 fxg4 26. Ne4 Qb5 27. Bxg7 Kxg7 28.
Ng2 Bf5 29. Nf4 Bxe4 30. Qd4+ e5 31. Ne6+ Kh8 32. Qxe4 Rxf2+ 33. Kg1 Raa2 34.
Ng5 Rg2+ 35. Qxg2 Rxg2+ 36. Kxg2 Qe2+ 37. Kh1 Qxe3 38. Nf7+ Kg7 39. Nxd6 Qh6+
40. Kg2 Qxd6 41. b4 Nxd5 42. Re1 Ne3+ 43. Kf2 Qd2+ 44. Re2 Nd1+ 45. Kf1 Qd3 46.
Rc1 Nc3 47. Rxc3 Qxc3 48. b5 Qf3+ 49. Ke1 Qxg3+ 50. Kf1 Qf3+ 51. Ke1 g3 0-1

[Event "39th Olympiad Khanty-Mansiysk 2010"]
[Site "Khanty-Mansiysk/Russia"]
[Date "2010.09.22"]
[Round "1"]
[White "Semerene, Dumit"]
[Black "Timofeev, Artyom"]
[Result "0-1"]
[WhiteElo "2318"]
[BlackElo "2690"]
[PlyCount "133"]
[EventDate "2010.??.??"]
[WhiteTeam "Venezuela"]
[BlackTeam "RU2"]
[WhiteTeamCountry "VEN"]
[TimeControl "40/5400+30:1800+30"]

1. Nf3 c5 2. g3 g6 3. Bg2 Bg7 4. d4 cxd4 5. Nxd4 Nc6 6. Nb3 d6 7. Nc3 Nf6 8.
O-O O-O 9. h3 Be6 10. e4 a5 11. a4 Bxb3 12. cxb3 Nd7 13. Re1 Rc8 14. Be3 Nc5
15. Re2 Qb6 16. Nb5 Na7 17. Nxa7 Qxa7 18. Rc1 Qb6 19. Bxc5 Rxc5 20. Rxc5 Qxc5
21. Rc2 Qb6 22. Qd3 Bd4 23. Bf3 Kg7 24. Kg2 e6 25. Rd2 Bc5 26. Qc4 Rc8 27. Rc2
Rc6 28. Qd3 Bd4 29. Bd1 Qb4 30. Kf1 Bf6 31. Be2 Rb6 32. Rc7 Rc6 33. Rxc6 bxc6
34. Qc2 d5 35. Bd3 Qd4 36. Ke2 Qb6 37. Kf3 h5 38. h4 Bd4 39. Kg2 Kf8 40. Kf3
Ke7 41. Kg2 Kd6 42. exd5 exd5 43. Kf1 Bf6 44. Kg2 Qb4 45. Ba6 Qd4 46. Bb7 Qb6
47. Bc8 Kc7 48. Bh3 Kd8 49. Kg1 Bd4 50. Bf1 Ke7 51. Bd3 Kd6 52. Kf1 Qb4 53. Ba6
Kc7 54. Be2 Kb6 55. Bd3 Bc5 56. Qc3 Qg4 57. Kg2 Qd4 58. Qc2 Bd6 59. Bf1 f5 60.
Bd3 Be5 61. Kf1 Qxb2 62. Qxb2 Bxb2 63. Ke2 Kc5 64. Ba6 Be5 65. Bb7 f4 66. Kf3
d4 67. Ba6 0-1

[Event "39th Olympiad Khanty-Mansiysk 2010"]
[Site "Khanty-Mansiysk/Russia"]
[Date "2010.09.22"]
[Round "1"]
[White "Havlikova, Kristyna"]
[Black "Mkrtchian, Lilit"]
[Result "1/2-1/2"]
[WhiteElo "2318"]
[BlackElo "2484"]
[PlyCount "113"]
[EventDate "2010.??.??"]
[WhiteTeam "Czech Republic"]
[BlackTeam "Armenia"]
[WhiteTeamCountry "CZE"]
[BlackTeamCountry "ARM"]
[TimeControl "40/5400+30:1800+30"]

1. e4 e6 2. d4 d5 3. Nc3 Bb4 4. e5 Ne7 5. a3 Bxc3+ 6. bxc3 c5 7. Nf3 Nbc6 8. a4
Qa5 9. Bd2 Bd7 10. Bb5 c4 11. Bxc6 Nxc6 12. h4 f6 13. h5 fxe5 14. Nxe5 Nxe5 15.
dxe5 O-O-O 16. Qg4 Rhg8 17. Qd4 Rdf8 18. Be3 g5 19. hxg6 Rxg6 20. Rxh7 Rxg2 21.
Kd2 Bc6 22. Rah1 Qb6 23. Qxb6 axb6 24. Re7 d4 25. Bxd4 Rd8 26. Rf1 Rg6 27. Ke3
Rd7 28. Rxd7 Kxd7 29. Bxb6 Bxa4 30. Rd1+ Ke7 31. Rd4 Bb5 32. Rh4 Rg7 33. Kd4
Rf7 34. Kc5 Bc6 35. Kxc4 Bd5+ 36. Kb4 Rf5 37. Rh7+ Ke8 38. Bd4 Rf7 39. Rh8+ Rf8
40. Rh6 Kd7 41. Kb5 Be4 42. Bc5 Ra8 43. Rf6 Bc6+ 44. Kb4 Ra4+ 45. Kb3 b5 46.
Rf7+ Ke8 47. Rf8+ Kd7 48. Bb4 Bd5+ 49. Kb2 Ra8 50. Rf7+ Kc6 51. Rf4 Rh8 52. Kc1
Rh3 53. Rd4 Rf3 54. Rd2 Rf5 55. Bd6 Rf3 56. Kb2 Rf5 57. Kc1 1/2-1/2

[Event "39th Olympiad Khanty-Mansiysk 2010"]
[Site "Khanty-Mansiysk/Russia"]
[Date "2010.09.22"]
[Round "1"]
[White "Rakic, Marija"]
[Black "Mendoza, Velazquez Lorena"]
[Result "1-0"]
[WhiteElo "2317"]
[BlackElo "2038"]
[PlyCount "59"]
[EventDate "2010.??.??"]
[WhiteTeam "SRB"]
[BlackTeam "Mexico"]
[BlackTeamCountry "MEX"]
[TimeControl "40/5400+30:1800+30"]

1. d4 Nf6 2. c4 c5 3. d5 e6 4. Nc3 exd5 5. cxd5 d6 6. e4 g6 7. Be2 Bg7 8. Bf4
O-O 9. Nf3 Re8 10. Nd2 a6 11. a4 Qc7 12. Qc2 Nbd7 13. Nc4 Bf8 14. h3 Rb8 15.
Ne3 Qd8 16. O-O Qe7 17. f3 Nh5 18. Bh2 f5 19. g4 Ng7 20. Ng2 Nf6 21. exf5 gxf5
22. Bd3 Qf7 23. Nf4 Nd7 24. Ne6 Ne5 25. Bxe5 dxe5 26. gxf5 Bd6 27. Kh1 c4 28.
Be4 Qh5 29. Qg2 Re7 30. f6 1-0

[Event "39th Olympiad Khanty-Mansiysk 2010"]
[Site "Khanty-Mansiysk/Russia"]
[Date "2010.09.22"]
[Round "1"]
[White "Chumfwa, Stanley"]
[Black "Minhazuddin, Ahmed"]
[Result "1/2-1/2"]
[WhiteElo "2315"]
[BlackElo "2368"]
[PlyCount "53"]
[EventDate "2010.??.??"]
[WhiteTeam "Zambia"]
[BlackTeam "Bangladesh"]
[WhiteTeamCountry "ZAM"]
[BlackTeamCountry "BAN"]
[TimeControl "40/5400+30:1800+30"]

1. e4 e5 2. Nf3 Nf6 3. Nxe5 d6 4. Nf3 Nxe4 5. d4 d5 6. Bd3 Nc6 7. O-O Bg4 8. c4
Be7 9. Re1 Nf6 10. Nc3 Nb4 11. Bg5 O-O 12. cxd5 Bxf3 13. Qxf3 Nxd3 14. Qxd3
Nxd5 15. Bxe7 Nxe7 16. Qe4 Nc6 17. d5 Nb8 18. Qb4 b6 19. Re7 Na6 20. Qh4 Qd6
21. Rae1 c6 22. Qg3 Qxg3 23. hxg3 Nb4 24. dxc6 Nxc6 25. Rc7 Rfc8 26. Rxc8+ Rxc8
27. Rd1 1/2-1/2

[Event "39th Olympiad Khanty-Mansiysk 2010"]
[Site "Khanty-Mansiysk/Russia"]
[Date "2010.09.22"]
[Round "1"]
[White "Lujan, Carolina"]
[Black "Sharevich, Anna"]
[Result "1/2-1/2"]
[WhiteElo "2312"]
[BlackElo "2283"]
[PlyCount "67"]
[EventDate "2010.??.??"]
[WhiteTeam "Argentina"]
[BlackTeam "Belarus"]
[WhiteTeamCountry "ARG"]
[BlackTeamCountry "BLR"]
[TimeControl "40/5400+30:1800+30"]

1. e4 c5 2. Nf3 e6 3. g3 Nc6 4. Bg2 Nf6 5. Qe2 Be7 6. O-O d5 7. d3 O-O 8. e5
Ne8 9. c4 Nc7 10. h4 b5 11. Bf4 Rb8 12. b3 f5 13. exf6 Bxf6 14. Ne5 Nxe5 15.
Bxe5 bxc4 16. dxc4 Bxe5 17. Qxe5 Rf5 18. Qc3 dxc4 19. bxc4 Bb7 20. Bxb7 Rxb7
21. Nd2 e5 22. Qc2 Rf8 23. Qe4 Rb2 24. Nf3 Ne6 25. Qxe5 Nd4 26. Nxd4 Qxd4 27.
Qxd4 cxd4 28. Rad1 Rd8 29. Rd3 Rc2 30. Rfd1 Rxc4 31. Kg2 Ra4 32. R1d2 Kf7 33.
Kf3 Kf6 34. Ke4 1/2-1/2

[Event "39th Olympiad Khanty-Mansiysk 2010"]
[Site "Khanty-Mansiysk/Russia"]
[Date "2010.09.22"]
[Round "1"]
[White "Teerapabpaisit, Wisuwat"]
[Black "Khouseinov, Rashid"]
[Result "1-0"]
[WhiteElo "2310"]
[BlackElo "2364"]
[PlyCount "94"]
[EventDate "2010.??.??"]
[WhiteTeam "Thailand"]
[BlackTeam "Tajikistan"]
[WhiteTeamCountry "THA"]
[BlackTeamCountry "TJK"]
[TimeControl "40/5400+30:1800+30"]

1. d4 Nf6 2. c4 g6 3. Nc3 d5 4. Nf3 Bg7 5. Bf4 O-O 6. Rc1 dxc4 7. e3 c5 8. dxc5
Qa5 9. Bxc4 Qxc5 10. Bb3 Nc6 11. O-O Qa5 12. Na4 Ne4 13. h3 Bf5 14. Qe2 Rad8
15. g4 Bc8 16. Rfd1 Rxd1+ 17. Qxd1 h5 18. Qd5 Nf6 19. Qxa5 Nxa5 20. Bxf7+ Kxf7
21. Ne5+ Kg8 22. Nxg6 Nc6 23. Nxf8 Kxf8 24. f3 Nd5 25. Bg5 hxg4 26. hxg4 Kf7
27. a3 Bd7 28. Nc5 Ne5 29. Kg2 Bc6 30. e4 Nb6 31. b3 Nc8 32. Kg3 Nd6 33. f4 Nd7
34. Nxd7 Nxe4+ 35. Kh4 Nxg5 36. Kxg5 Bxd7 37. Rc7 Bc6 38. Kf5 Bb2 39. a4 Ba3
40. Kg5 Bc1 41. Kf5 Bd2 42. g5 Bb4 43. g6+ Kg7 44. Kg5 Bd6 45. Rc8 e6 46. Ra8
Be7+ 47. Kh5 Bf3# 1-0

[Event "39th Olympiad Khanty-Mansiysk 2010"]
[Site "Khanty-Mansiysk/Russia"]
[Date "2010.09.22"]
[Round "1"]
[White "Patriarca, Luis Carlos"]
[Black "Celis, Solomon B"]
[Result "1-0"]
[WhiteElo "2308"]
[BlackElo "1985"]
[PlyCount "83"]
[EventDate "2010.??.??"]
[WhiteTeam "Paraguay"]
[BlackTeam "Macau"]
[WhiteTeamCountry "PAR"]
[BlackTeamCountry "MAC"]
[TimeControl "40/5400+30:1800+30"]

1. c4 e5 2. Nc3 Nf6 3. g3 Nc6 4. Bg2 Bb4 5. Nd5 a5 6. e3 O-O 7. a3 Bc5 8. Ne2
Re8 9. O-O h6 10. d3 Ra6 11. Nec3 Nxd5 12. Nxd5 Bf8 13. Rb1 Ne7 14. Nc3 g6 15.
b4 axb4 16. axb4 Bg7 17. b5 Re6 18. Qb3 Kh7 19. Ra1 c6 20. Ra8 f5 21. Bd2 Ng8
22. Na4 Qf6 23. Nb6 Qf8 24. Ra7 cxb5 25. Qxb5 Qd6 26. c5 Qc7 27. Rc1 Nf6 28.
Nxc8 Rxc8 29. Ba5 Qb8 30. Rxb7 Qa8 31. Rxd7 e4 32. Rb7 Rcc6 33. dxe4 fxe4 34.
Bc3 Qa3 35. Bb2 Qa2 36. Bf1 Qa8 37. Ra1 Qf8 38. Raa7 Rxc5 39. Rxg7+ Kh8 40. Qb7
Rcc6 41. Rxg6 Rb6 42. Qh7# 1-0

[Event "39th Olympiad Khanty-Mansiysk 2010"]
[Site "Khanty-Mansiysk/Russia"]
[Date "2010.09.22"]
[Round "1"]
[White "Pham, Le Thao Nguyen"]
[Black "Linares Napoles, Oleiny"]
[Result "0-1"]
[WhiteElo "2304"]
[BlackElo "2328"]
[PlyCount "120"]
[EventDate "2010.??.??"]
[WhiteTeam "Vietnam"]
[BlackTeam "Cuba"]
[WhiteTeamCountry "VIE"]
[BlackTeamCountry "CUB"]
[TimeControl "40/5400+30:1800+30"]

1. d4 Nf6 2. Nf3 d6 3. Bf4 g6 4. e3 Bg7 5. h3 O-O 6. Be2 Nbd7 7. c3 b6 8. O-O
Bb7 9. Nbd2 Qe8 10. Bh2 e5 11. dxe5 dxe5 12. a4 a5 13. Qc2 Qe7 14. Rfd1 Rfd8
15. Bb5 Ne8 16. e4 Nd6 17. Bf1 Nc5 18. Re1 f6 19. b4 Ne6 20. Nc4 Kh8 21. Nxd6
Qxd6 22. Rad1 Qe7 23. Bc4 Bf8 24. Bg3 axb4 25. cxb4 Ng7 26. b5 Rxd1 27. Rxd1
Nh5 28. Bd5 Bxd5 29. Rxd5 Ng7 30. Bh4 g5 31. Bxg5 fxg5 32. Rxe5 Qf6 33. Rxg5
Bc5 34. e5 Qf4 35. Rg4 Qf5 36. Qe2 Rf8 37. e6 Qxe6 38. Qc2 Qf5 39. Qb2 Qf6 40.
Qc1 Bd6 41. Qb1 Bc5 42. Rc4 Qf5 43. Qb3 Rd8 44. Rg4 Rf8 45. a5 bxa5 46. Rg5
Bxf2+ 47. Kf1 Qf6 48. Rxg7 Qxg7 49. Kxf2 Rg8 50. Ne1 Qd4+ 51. Kf1 a4 52. Qa3
Re8 53. Nd3 Kg7 54. Ne1 Re3 55. Qc1 Qc3 56. Nc2 Qf6+ 57. Kg1 Re2 58. Kh1 Qe5
59. Qd1 Qe4 60. Nd4 Qxd4 0-1

[Event "39th Olympiad Khanty-Mansiysk 2010"]
[Site "Khanty-Mansiysk/Russia"]
[Date "2010.09.22"]
[Round "1"]
[White "Klinova, Masha"]
[Black "Daulyte, Deimante"]
[Result "1/2-1/2"]
[WhiteElo "2303"]
[BlackElo "2307"]
[PlyCount "69"]
[EventDate "2010.??.??"]
[WhiteTeam "Israel"]
[BlackTeam "Lithuania"]
[WhiteTeamCountry "ISR"]
[BlackTeamCountry "LTU"]
[TimeControl "40/5400+30:1800+30"]

1. e4 c5 2. Nf3 d6 3. Bb5+ Nc6 4. O-O Bg4 5. h3 Bh5 6. Re1 Qb6 7. Nc3 e6 8. g4
Bg6 9. d4 O-O-O 10. Bxc6 Qxc6 11. d5 Qd7 12. Nh4 Be7 13. Nxg6 hxg6 14. Qf3 Bf6
15. a4 g5 16. a5 Kb8 17. a6 b6 18. e5 Bxe5 19. dxe6 fxe6 20. Bxg5 Nf6 21. Rad1
Qc8 22. Bf4 Bxf4 23. Qxf4 e5 24. Qf3 Qxa6 25. Qc6 Qb7 26. Rxd6 Qxc6 27. Rxc6
Rxh3 28. Rxe5 Kb7 29. Rce6 Rd7 30. Re7 Kc8 31. g5 Nh7 32. Rxd7 Kxd7 33. Kg2 Rh4
34. Kg3 Rb4 35. b3 1/2-1/2

[Event "39th Olympiad Khanty-Mansiysk 2010"]
[Site "Khanty-Mansiysk/Russia"]
[Date "2010.09.22"]
[Round "1"]
[White "Long, Peter"]
[Black "Kuan, Julian"]
[Result "1-0"]
[WhiteElo "2302"]
[BlackElo "1760"]
[PlyCount "55"]
[EventDate "2010.??.??"]
[WhiteTeam "Malaysia"]
[BlackTeam "Hong Kong"]
[WhiteTeamCountry "MAS"]
[BlackTeamCountry "HKG"]
[TimeControl "40/5400+30:1800+30"]

1. Nf3 c5 2. c4 g6 3. g3 Bg7 4. Bg2 e5 5. Nc3 Ne7 6. O-O Nbc6 7. a3 O-O 8. Rb1
d6 9. b4 Rb8 10. d3 Nd4 11. Nd2 f5 12. e3 Ne6 13. Nd5 Kh8 14. Bb2 b6 15. Nb3
Bb7 16. d4 cxd4 17. exd4 Nxd5 18. cxd5 Nxd4 19. Bxd4 exd4 20. Nxd4 Bxd4 21.
Qxd4+ Kg8 22. Rfe1 Re8 23. h4 Qd7 24. Qf6 Rbd8 25. Re6 Qf7 26. Qg5 Bc8 27. Re3
Rxe3 28. Qxd8+ 1-0